 Dungeon Crawl Stone Soup version 0.31-a0-771-g505c3d19dc (webtiles) character file.

Game seed: 6610397045587252806

217 ryw the Changeling (level 5, 0/22 HPs)
             Began as a Felid Shapeshifter on Sept 16, 2023.
             Slain by an orc
             ... wielding a +0 mace
              (8 damage)
             ... on level 4 of the Dungeon.
             The game lasted 00:04:55 (3186 turns).

ryw the Changeling (Felid Shapeshifter)             Turns: 3186, Time: 00:04:55

Health: 0/22       AC:  1    Str: 12    XL:     5   Next: 61%
Magic:  6/6        EV: 18    Int: 11    God:
Gold:   96         SH:  0    Dex: 16    Spells: 4/4 levels left
                                        Lives:  0   Deaths: 2

rFire   . .          .
                       - Unarmed
rCold   . . .        (shield unavailable)
rNeg    . . .        (body armour unavailable)
rPois   .            (helmet unavailable)
rElec   .            (cloak unavailable)
rCorr   .            (gloves unavailable)
SInv    +            (boots unavailable)
Will    .....        (no amulet)
Stlth   +            (no ring)
HPRegen 0.23/turn    (no ring)
MPRegen 0.10/turn

%: no passive effects
@: beast-form, quick
A: beast (slay +2), very small, claws 1, fangs 3, see invisible, speed 1, shaggy
fur 1, stealthy paws, no weapons or thrown items, no armour, multi-lived
a: Begin Untransformation


You were on level 4 of the Dungeon.
You were a hulking beast.
You visited 1 branch of the dungeon, and saw 4 of its levels.

You collected 96 gold pieces.

Inventory:

Talismans
 b - a beast talisman (active)
 c - a flux talisman
Wands
 h - a wand of paralysis (11)
Scrolls
 d - a scroll of immolation {unknown}
 e - 2 scrolls of enchant weapon {unknown}
 g - a scroll of fear {unknown}
 i - 5 scrolls of identify {unknown}
 j - a scroll of teleportation {unknown}
 k - 3 scrolls of blinking {unknown}
Potions
 a - a potion of lignification
 f - 2 potions of haste {unknown}
 l - a potion of curing


   Skills:
 + Level 2.2 Fighting
 + Level 3.8 Dodging
 * Level 4.4 Unarmed Combat
 * Level 4.6 Shapeshifting


You had 4 spell levels left.
You didn't know any spells.
Your spell library was empty.

Dungeon Overview and Level Annotations

Branches:
Dungeon (4/15)
 Temple: D:4-7

Altars:
Xom


Innate Abilities, Weirdness & Mutations

You are a hulking beast.
Your limbs bulge with bestial killing power. (Slay +2)
You have sharp claws.
You have razor-sharp teeth.
You have supernaturally acute eyesight. (SInv)
You cover ground quickly. (Speed+)
You are covered in fur. (AC +1)
Your paws help you pounce on unaware monsters.
You are incapable of wielding weapons or throwing items.
You cannot wear armour.
You gain extra lives every three experience levels.


Message History

The goblin is severely wounded.
The goblin barely misses you.
You claw the goblin!
You kill the goblin!
Items here: )) [ †.
An orc is nearby!
You claw the orc!
You kill the orc!
No target in view!
No target in view!
No target in view!
HP restored.
Found a cloak.
You see here a +0 cloak.
Found a stone staircase leading up.
There is a stone staircase leading up here.
There is a stone staircase leading up here.
An orc wizard comes into view. It is wielding a +0 dagger.
An orc comes into view. It is wielding a +0 mace.
The orc shouts!
The orc wizard completely misses you.
You scratch the orc wizard.
The orc wizard is moderately wounded.
The orc wizard misses you.
You scratch the orc wizard.
The orc wizard is moderately wounded.
You scratch the orc wizard but do no damage.
The orc wizard is moderately wounded.
The orc wizard hits you with a +0 dagger.
The orc barely misses you.
You barely miss the orc wizard.
You bite the orc wizard, but do no damage.
The orc wizard is moderately wounded.
The orc wizard hits you with a +0 dagger.
The orc hits you with a +0 mace!
You barely miss the orc wizard.
The orc wizard is moderately wounded.
The orc wizard hits you with a +0 dagger.
The orc hits you with a +0 mace!
You die...

#.####..############ #.#
#......[........ #.#
#.............## #.#
#..##########.# #.# #.)# #.#
#.###..# ### #.#
##########.#....#####.####.##
...........†....)†.......)...
##########.#h#.######.####.##
#.......oo..# #.# #..)
#.#####.#.### #.# #.## #.#.#
#.####.# #.#.# #......# #.#.#
######## #.#.# #o#.# #.#.#


You could see an orc wizard and an orc.

Vanquished Creatures
  A sleepcap (D:4)
  An orc wizard (D:4)
  Natasha (D:2)
  A gnoll (D:1)
  4 adders
  2 worms (D:3)
  5 dart slugs
  6 orcs
  5 endoplasms
  2 giant cockroaches (D:1)
  7 goblins
  4 hobgoblins
  6 kobolds
  7 quokkas
  5 ball pythons
  8 bats
  3 frilled lizards
  8 rats
76 creatures vanquished.

Notes
Turn   | Place    | Note
-------+----------+-------------------------------------------
     0 | D:1      | ryw the Felid Shapeshifter began the quest for the Orb.
     0 | D:1      | Reached XP level 1. HP: 9/9 MP: 2/2
   117 | D:1      | Reached XP level 2. HP: 12/12 MP: 3/3
   535 | D:1      | Reached XP level 3. HP: 12/15 MP: 4/4
  1264 | D:2      | Found a faded altar of an unknown god.
  1416 | D:2      | Reached XP level 4. HP: 15/19 MP: 5/5
  1650 | D:2      | Found a shimmering altar of Xom.
  1765 | D:2      | Noticed Natasha
  1775 | D:2      | Killed from afar by Natasha
  1910 | D:2      | Killed Natasha
  2237 | D:3      | Reached XP level 5. HP: 20/22 MP: 6/6
  3021 | D:4      | Slain by a sleepcap
  3186 | D:4      | Slain by an orc

Illustrated notes

Levels and vault maps discovered:
D:1:      scummos_arrival_forest, layout_basic, minmay_circled_x
D:2:      layout_basic, basic_altar, shapermc_ecumenical_altar_totnotflames,
          uniq_natasha
D:3:      layout_rooms
D:4:      layout_basic, kennysheep_pointless_box, uniq_eustachio, uniq_duvessa

Skill      XL: |  1  2  3  4 |
---------------+-------------+-----
Dodging        | 3 |  3.8
Shapeshifting  | 4 |  4.6
Fighting       | 2 |  2.2
Unarmed Combat | 4 |  4.4

Action                     |  1- 3 |  4- 6 || total
---------------------------+-------+-------++-------
  Melee: Unarmed           |   101 |    91 ||   192
         Bite              |     7 |     8 ||    15
         Punch             |     1 |     5 ||     6
    Use: Potion            |     2 |     3 ||     5
 Armour: Skin              |    26 |    35 ||    61
  Dodge: Dodged            |    81 |    51 ||   132

Table legend: (Time is in decaauts)
 A = Elapsed time spent in this place.
 B = Non-inter-level travel time spent in this place.
 C = Inter-level travel time spent in this place.
 D = Time resting spent in this place.
 E = Time spent auto-exploring this place.
 F = Levels seen in this place.
 G = Mean time per level.
                   A        B        C        D        E       F      G
               +--------+--------+--------+--------+--------+-----+--------+
         Total |   2772 |   2709 |     63 |    705 |   1495 |   4 |  693.0 |
       Dungeon |   2772 |   2709 |     63 |    705 |   1495 |   4 |  693.0 |
               +--------+--------+--------+--------+--------+-----+--------+

Top non-repeatable levels by time:
     D:2: 936 daAuts
     D:1: 831 daAuts
     D:3: 788 daAuts
     D:4: 216 daAuts
